 Dungeon Sprint DCSS version 0.21-a0-238-geb0acef (webtiles) character file.

181 Kidiri the Thaumaturge (level 5, -16/30 HPs)
             Began as a Deep Elf Fire Elementalist on Sept 2, 2017.
             Was an Initiate of Vehumet.
             Killed from afar by a deep elf mage (23 damage)
             ... with a bolt of negative energy
             ... in the Dungeon (Sprint III: "The Ten Rune Challenge").
             The game lasted 00:04:53 (498 turns).

Kidiri the Thaumaturge (Deep Elf Fire Elementalist)  Turns: 498, Time: 00:04:53

Health: -16/30     AC:  3    Str:  5    XL:     5   Next: 34%
Magic:  15/19      EV: 14    Int: 21    God:    Vehumet [......]
Gold:   38         SH:  0    Dex: 15    Spells: 2/23 levels left

rFire    . . .     SeeInvis .   s - +0 dagger
rCold    . . .     Gourm    .   (no shield)
rNeg     . . .     Faith    .   a - +0 robe
rPois    .         Spirit   .   (no helmet)
rElec    .         Reflect  .   k - +0 cloak
rCorr    .         Harm     .   (no gloves)
MR       ++...     Rnd*Rage +   (no boots) Stlth ++........NoTele +
                                (no amulet)
HPRegen  0.10/turn              (no ring)
MPRegen  0.16/turn              (no ring)

@: lethally poisoned (-16 -> -56), drained
A: berserk 1, magic resistance 2
a: Renounce Religion


You were in the Dungeon.
You worshipped Vehumet.
Vehumet was noncommittal.
You were not hungry.

You visited 1 branch You collected 38 gold pieces.

Inventory:

Hand Weapons
 s - a +0 dagger (weapon)
Armour
 a - a +0 robe (worn)
 k - a +0 cloak (worn)
Scrolls
 i - a scroll of blinking
 l - a scroll of immolation
 n - 2 scrolls of remove curse {unknown}
 q - a scroll of holy word
Potions
 d - a potion of curing
 e - a potion of heal wounds
 f - a potion of haste
 g - 2 potions of magic
 h - a potion of berserk rage
 p - 2 potions of flight
Comestibles
 c - a bread ration
 o - a fruit
 r - a royal jelly


   Skills:
 + Level 1.9(1.4) Fighting
 + Level 0.0 Short Blades
 + Level 1.8(1.3) Armour
 + Level 4.0(3.4) Dodging
 - Level 2.4(1.8) Stealth
 * Level 9.6(9.0) Spellcasting
 + Level 5.4(4.8) Conjurations
 + Level 6.3(5.7) Fire Magic
 + Level 0.0 Air Magic
 + Level 0.0 Poison Magic


You had 2 spell levels left.
You knew the following spells:

 Your Spells              Type           Power        Failure   Level  Hunger
a - Flame Tongue          Conj/Fire      ####.        1%          1    None
b - Throw Flame           Conj/Fire      ####..       1%          2    None
c - Conjure Flame         Conj/Fire      ####....     2%          3    None
d - Inner Flame           Hex/Fire       ###.....     7%          3    None
e - Sticky Flame          Conj/Fire      ####....     8%          4    ###....
f - Fireball              Conj/Fire      ####......   22%         5    #####..
g - Mephitic Cloud        Conj/Pois/Air  ###.....     11%         3    None


Dungeon Overview and Level Annotations

Branches:
Dungeon (1/1)

Altars:
Elyvilon
Kikubaaqudgha
Sif Muna
Vehumet
Zin
The Shining One


Innate Abilities, Weirdness & Mutations

You tend to lose your temper in combat.
You are highly resistant to hostile enchantments. (MR++)


Message History

You are lethally poisoned!
The redback poisons you!
The deep elf mage casts a spell.
Unknown command.
Casting: Flame Tongue
Confirm with . or Enter, or press ? or * to list all spells.
Aiming: Sticky Flame
Press: ? - help, Shift-Dir - straight line, f - deep elf mage
Aim: a deep elf mage, wielding a long sword of holy wrath The sticky flame hits the deep elf mage.
The deep elf mage is lightly wounded.
The deep elf mage is covered in liquid flames!
You feel very sick.
The deep elf mage burns!
The redback bites you!
* * * LOW HITPOINT WARNING * * *
The tarantella barely misses you.
The deep elf mage gestures at you while chanting.
The bolt of negative energy hits you!
You feel drained.
Ouch! That really hurt!
You die...

▓▓▓▓▓▓▓▓▓ ▓▓▓ ..+...♣.♣♣
♣.##### ..#......♣ ♣.#__s#
###......♣ ♣.#e@4#
..#....≈♣♣♣♣♣.###s#+###+##
..#...≈≈...♣..#..........#
..#).≈≈≈≈.♣...'.⌠........#
#'#..≈≈≈≈≈≈♣..#...######+#
..#.≈≈≈≈≈≈....#.⌠.#
..#.≈≈≈≈≈.....#...#
..#.≈≈≈.......#+###
###...........#..[#


You could see a deep elf mage (burning), a red devil, a tarantella and a
redback.

Vanquished Creatures
  A water elemental (D)
  Crazy Yiuf (D)
  Jessica (D)
  A wizard (D)
  A human (D)
  A kobold demonologist (D)
  2 oozes (D)
  A rat (D)
9 creatures vanquished.

Vanquished Creatures (others)
  2 draconian scorchers (D)
  6 hellions (D)
  2 yaktaurs (D)
10 creatures vanquished.

Grand Total: 19 creatures vanquished

Notes
Turn   | Place    | Note
-------+----------+-------------------------------------------
     0 | D        | Kidiri the Deep Elf Fire Elementalist began the quest for the Orb.
     0 | D        | Reached XP level 1. HP: 10/10 MP: 6/6
     4 | D        | Reached skill level 4 in Spellcasting
    45 | D        | Reached XP level 2. HP: 11/15 MP: 4/9
    49 | D        | Learned a level 2 spell: Throw Flame
   130 | D        | Killed a hellion
   134 | D        | Noticed Jessica
   135 | D        | Killed Jessica
   135 | D        | Reached skill level 6 in Spellcasting
   135 | D        | Reached XP level 3. HP: 19/19 MP: 8/13
   140 | D        | Learned a level 3 spell: Conjure Flame
   144 | D        | Learned a level 3 spell: Inner Flame
   174 | D        | Killed a hellion
   175 | D        | Killed a hellion
   175 | D        | Killed a hellion
   175 | D        | Killed a hellion
   184 | D        | Noticed Crazy Yiuf
   190 | D        | Killed Crazy Yiuf
   190 | D        | Reached skill level 7 in Spellcasting
   190 | D        | Reached skill level 5 in Fire Magic
   193 | D        | Killed a white draconian scorcher
   197 | D        | Killed a hellion
   206 | D        | Killed a white draconian scorcher
   217 | D        | Gained mutation: You tend to lose your temper in combat. [potion of mutation]
   217 | D        | Gained mutation: Armour fits poorly on your strangely shaped body. [potion of mutation]
   217 | D        | Gained mutation: You are agile. (Dex +2) [potion of mutation]
   217 | D        | Gained mutation: You have an increased reservoir of magic. (+10% MP) [potion of mutation]
   218 | D        | Lost mutation: Armour fits poorly on your strangely shaped body. [potion of mutation]
   218 | D        | Lost mutation: You tend to lose your temper in combat. [potion of mutation]
   218 | D        | Lost mutation: You have an increased reservoir of magic. (+10% MP) [potion of mutation]
   218 | D        | Lost mutation: You are agile. (Dex +2) [potion of mutation]
   218 | D        | Gained mutation: You are frail. (-10% HP) [potion of mutation]
   218 | D        | Gained mutation: Scrolls take you a little longer to read. [potion of mutation]
   218 | D        | Gained mutation: You are agile. (Dex +2) [potion of mutation]
   219 | D        | Lost mutation: Scrolls take you a little longer to read. [potion of mutation]
   219 | D        | Lost mutation: You are frail. (-10% HP) [potion of mutation]
   219 | D        | Lost mutation: You are agile. (Dex +2) [potion of mutation]
   219 | D        | Gained mutation: Your mind is acute. (Int +2) [potion of mutation]
   219 | D        | Gained mutation: You have sharp toenails. [potion of mutation]
   219 | D        | Lost mutation: Your mind is acute. (Int +2) [potion of mutation]
   219 | D        | Gained mutation: You are partially covered in slimy green scales. (AC +2) [potion of mutation]
   220 | D        | Lost mutation: You are partially covered in slimy green scales. (AC +2) [potion of mutation]
   220 | D        | Lost mutation: You have sharp toenails. [potion of mutation]
   220 | D        | Gained mutation: Armour fits poorly on your strangely shaped body. [potion of mutation]
   220 | D        | Gained mutation: Your mind is acute. (Int +2) [potion of mutation]
   220 | D        | Gained mutation: You have large cloven feet. [potion of mutation]
   221 | D        | Lost mutation: Armour fits poorly on your strangely shaped body. [potion of mutation]
   221 | D        | Lost mutation: Your mind is acute. (Int +2) [potion of mutation]
   221 | D        | Lost mutation: You have large cloven feet. [potion of mutation]
   221 | D        | Gained mutation: Your mind is acute. (Int +2) [potion of mutation]
   221 | D        | Gained mutation: Your spells are a little easier to cast, but a little less powerful. [potion of mutation]
   221 | D        | Gained mutation: You are partially covered in large bone plates. (SH +4) [potion of mutation]
   222 | D        | Lost mutation: Your spells are a little easier to cast, but a little less powerful. [potion of mutation]
   222 | D        | Lost mutation: You are partially covered in large bone plates. (SH +4) [potion of mutation]
   222 | D        | Lost mutation: Your mind is acute. (Int +2) [potion of mutation]
   222 | D        | Gained mutation: You are resistant to hostile enchantments. (MR+) [potion of mutation]
   222 | D        | Gained mutation: You tend to lose your temper in combat. [potion of mutation]
   222 | D        | Gained mutation: You are highly resistant to hostile enchantments. (MR++) [potion of mutation]
   233 | D        | Killed a yaktaur
   234 | D        | Killed a yaktaur
   245 | D        | Reached skill level 8 in Spellcasting
   245 | D        | Reached XP level 4. HP: 15/24 MP: 6/16
   251 | D        | Learned a level 4 spell: Sticky Flame
   350 | D        | Noticed a water elemental
   353 | D        | Killed a water elemental
   353 | D        | Reached skill level 1 in Fighting
   353 | D        | Reached skill level 1 in Armour
   353 | D        | Reached skill level 9 in Spellcasting
   353 | D        | Reached skill level 5 in Conjurations
   353 | D        | Reached XP level 5. HP: 29/29 MP: 10/18
   360 | D        | Learned a level 5 spell: Fireball
   400 | D        | Found a radiant altar of Vehumet.
   401 | D        | Found a deep blue altar of Sif Muna.
   401 | D        | Found an ancient bone altar of Kikubaaqudgha.
   403 | D        | Noticed a smoke demon
   412 | D        | Learned a level 3 spell: Mephitic Cloud
   419 | D        | Became a worshipper of Vehumet
   494 | D        | Found a glowing silver altar of Zin.
   495 | D        | Found a glowing golden altar of the Shining One.
   495 | D        | Found a white marble altar of Elyvilon.
   495 | D        | Noticed a deep elf mage
   497 | D        | Noticed a tarantella
   497 | D        | Noticed a redback
   498 | D        | Noticed a red devil
   498 | D        | Killed from afar by a deep elf mage

Vault maps used:
D:        dungeon_sprint_mu

Skill      XL: |  1  2  3  4  5 |
---------------+----------------+-----
Spellcasting   | 4 6 8 9 |  9.6
Conjurations   | 2 3 4 5 |  5.4
Fire Magic     | 4 5 6 |  6.3
Fighting       | 1 |  1.9
Armour         | 1 |  1.8
Dodging        | 3 4 |  4.0
Stealth        | |  2.4

Action                   |  1- 3 |  4- 6 || total
-------------------------+-------+-------++-------
Melee: Dagger            |       |     1 ||     1
 Cast: Flame Tongue      |    14 |     5 ||    19
       Throw Flame       |     3 |       ||     3
       Conjure Flame     |       |     1 ||     1
       Sticky Flame      |       |     3 ||     3
  Use: Potion            |     6 |       ||     6
       Scroll            |     3 |       ||     3
Armor: Robe              |       |     2 ||     2
Dodge: Dodged            |       |     4 ||     4

Table legend:
 A = Spawn XP
 B = Non-spawn XP
 C = Spawn XP percentage of total XP
 D = Spawn monster count
 E = Non-spawn monster count
 F = Spawn count percentage of total count
 G = Total turns spent on level
                    A         B        C        D         E        F      G
               +---------+---------+-------+---------+---------+-------+---------
         Total |       0 |     259 |   0.0 |       0 |       9 |   0.0 |   498
               +---------+---------+-------+---------+---------+-------+---------
             D |       0 |     259 |   0.0 |       0 |       9 |   0.0 |   498
               +---------+---------+-------+---------+---------+-------+---------
